Unix NetHack Version 3.7.0-80 Work-in-progress - last build Apr 4 2023 22:38:52 (790859391a0ee7bd3181b412646ad1b7e633ff00,branch:master). Game began 2023-04-17 11:40:46, ended 2023-04-18 01:18:37. Zega, lawful male orcish Barbarian ... .............. |.............. ----- |..........!... ...| ------...--- ---------.5-- --%- |......D|.5.-- ... |....@..|4.5.--- . . |...@.@.-.a&Aa))AAA.. |.......|1.51---...%.. 5 |.......|..1-- -...%. ---------.1-- --- 5 ..4| ----- Zega the Raider St:18/38 Dx:21 Co:18 In:15 Wi:16 Ch:13 Lawful S:961358 Astral Plane $:0 HP:250(311) Pw:18(18) AC:-24 Xp:15/181814 T:50873 Hungry Latest messages: "Pilgrim, you enter a sacred place!" Pestilence rises from the dead in a churning pillar of flies! Pick an object. The Angel of Mitra points and curses at your displaced image. The magic missile bounces! The Angel of Mitra points and curses at your displaced image. The gold dragon bites the soldier ant. The gold dragon hits the soldier ant. The gold dragon hits the soldier ant. The Angel of Mitra swings her long sword at the gold dragon. The Angel of Mitra hits the gold dragon. The Angel of Mitra's long sword is not affected by heat. The gold dragon is killed! You stop. The high priest of Mitra doesn't want to swap places. You hear a rumbling noise. There is a high altar to Mitra (lawful) here. What do you want to use or apply? [abei-kpqsvwzBCGI-KOPRT-WYZ or ?*] i Q - a wand of wishing (1:1). You hear a distant zap. The Angel of Mitra picks up a potion. "Very soon, my child, thou shalt meet thy maker." What do you want to zap? [ejkwBGJKPQU-WYZ or ?*] Q You may wish for an object. For what do you wish? helm of opposite alignment S - a visored helmet. What do you want to take off? [hmoN or ?*] ? The Angel of Mitra picks up a wand of create monster. You finish taking off your helm. What do you want to wear? [hS or ?*] ? Pestilence moves the Angel of Mitra out of the way! The Angel of Mitra zaps a wand of create monster! "Dost thou wish to receive thy final blessing?" You finish your dressing maneuver. Your mind oscillates briefly. You are blasted by the Heart of Ahriman's power! You are blasted by the Master Key of Thievery's power! The Master Key of Thievery is beyond your control! The visored helmet glows black for a moment. What do you want to sacrifice? [M or ?*] M You offer the Amulet of Yendor to Mitra... An invisible choir sings, and you are bathed in radiance... The voice of Mitra booms: "Mortal, thou hast done well!" "In return for thy service, I grant thee the gift of Immortality!" You ascend to the status of Demigod... Do you want your possessions identified? [ynq] (y) y Do you want to see your attributes? [ynq] (y) y Do you want an account of creatures vanquished? [ynaq] (y) y Do you want a list of species genocided and extinct? [ynq] (y) y Do you want to see your conduct and achievements? [ynq] (y) y Do you want to see the dungeon overview? [ynq] (y) y Inventory: Amulets D - an uncursed amulet of flying r - an uncursed amulet of life saving g - an uncursed amulet of reflection (being worn) Weapons f - the blessed rustproof +7 Frost Brand (wielded in right hand) n - a blessed +6 silver saber (wielded in left hand) Armor h - an uncursed rustproof +5 dwarvish iron helm S - a cursed +0 helm of opposite alignment (being worn) N - a blessed fireproof +4 pair of gauntlets of dexterity (being worn) m - a blessed fireproof +4 pair of speed boots (being worn) o - a blessed fireproof +5 cloak of displacement (being worn) t - a blessed +4 T-shirt with text "Is that Mjollnir in your pocket or are you just happy to see me?" (being worn) d - a blessed +4 gray dragon scale mail (being worn) Comestibles u - 2 uncursed food rations x - an uncursed tripe ration l - an uncursed lizard corpse Potions H - an uncursed diluted potion of full healing Rings X - an uncursed ring of conflict (on right hand) A - an uncursed ring of free action L - an uncursed ring of levitation F - an uncursed ring of regeneration (on left hand) E - an uncursed ring of slow digestion Wands G - a wand of cancellation (0:5) W - a wand of cancellation (0:5) P - a wand of cancellation (0:1) j - a wand of death (1:3) U - a wand of digging (0:6) Y - a wand of digging (0:4) K - a wand of digging (0:1) k - a wand of digging (0:0) e - a wand of fire (0:7) Z - a wand of fire (0:4) w - a wand of lightning (0:0) J - a wand of secret door detection (0:11) B - a cursed wand of striking (0:0) V - a wand of teleportation (0:6) Q - a wand of wishing (1:0) Tools i - a blessed greased bag of holding containing 66 items p - an uncursed sack containing 1 item a - an uncursed bugle C - the Bell of Opening (0:2) b - an uncursed blindfold O - the uncursed Candelabrum of Invocation (0 of 7 candles attached) q - an uncursed lock pick I - a magic marker (1:38) T - a magic marker (1:6) R - the blessed greased Master Key of Thievery v - an uncursed oil lamp s - an uncursed stethoscope z - a blessed +0 unicorn horn Gems/Stones y - the blessed Heart of Ahriman Contents of the bag of holding: an uncursed amulet of flying an uncursed amulet of life saving an uncursed amulet of reflection the rustproof +7 Cleaver an uncursed kebab 4 uncursed C-rations 4 uncursed food rations 14 uncursed food rations 3 uncursed fortune cookies 4 uncursed K-rations an uncursed lembas wafer an uncursed orange 2 uncursed pancakes an uncursed pear 3 uncursed tripe rations an uncursed lizard corpse 2 uncursed lizard corpses 2 blessed scrolls of blank paper a blessed scroll of charging an uncursed scroll of identify 2 blessed scrolls of remove curse 2 uncursed scrolls of remove curse an uncursed scroll of teleportation an uncursed potion of extra healing 2 uncursed diluted potions of full healing an uncursed potion of gain energy 2 uncursed potions of healing a potion of holy water a potion of unholy water an uncursed ring of conflict an uncursed ring of conflict an uncursed ring of conflict an uncursed ring of free action an uncursed ring of free action an uncursed ring of levitation an uncursed ring of polymorph control an uncursed ring of teleportation a wand of cold (0:6) a wand of cold (0:5) a wand of death (0:2) a wand of digging (0:8) a wand of digging (0:7) a wand of digging (0:6) a wand of digging (0:4) a wand of digging (0:4) a wand of digging (0:0) a wand of digging (0:0) a wand of enlightenment (0:7) a wand of fire (0:0) a wand of light (0:9) a wand of light (0:6) a wand of lightning (0:4) a wand of lightning (0:0) a wand of make invisible (0:4) a blessed wand of polymorph (1:0) a wand of striking (0:6) a wand of striking (0:4) a wand of striking (0:0) a wand of teleportation (0:5) a wand of teleportation (0:5) a wand of teleportation (0:4) a blessed magic marker (1:3) a blessed magic marker named out (1:1) a +0 pick-axe 4 uncursed tallow candles an uncursed towel Contents of the sack: a potion of holy water Zega the Barbarian's attributes: Background: You were a Raider, a level 15 male orcish Barbarian. You were lawful, temporarily on a mission for Mitra who was opposed by Crom (neutral) and Set (chaotic). You were actually chaotic. You were in the endgame, on the Astral Plane. You entered the dungeon 50873 turns ago. It was nighttime. You had 181814 experience points, 138186 more were needed to attain level 16. Your score was 961358 before end-of-game adjustments. Basics: You had 250 out of 311 hit points. You had all 18 energy points (spell power). Your armor class was -24. Your wallet was empty. Autopickup was off. Final Characteristics: Your strength was 18/38 (limit:18/50). Your dexterity was 21 (base:17, peak:18, innate limit:18). Your constitution was 18 (limit:18). Your intelligence was 15 (limit:16). Your wisdom was 16 (limit:16). Your charisma was 13 (limit:16). Final Status: You were hungry. You were unencumbered. You were wielding two weapons at once. You had basic skill with long sword and two weapons. You also had basic skill with saber and two weapons. You could have enhanced skill with long sword. Final Attributes: You were fervently aligned. You were magic-protected. You were fire resistant. You were cold resistant. Your items were protected from cold. You were sleep resistant. You were disintegration resistant. You were shock resistant. You were poison resistant. You saw invisible. You were telepathic. You were warned. You had infravision. You were invisible to others. You were displaced. You were stealthy. You caused conflict. You had teleport control. You regenerated. You were warded. You took half physical damage. You were very fast. You had reflection. You were extremely lucky. You had extra luck. Good luck did not time out for you. You survived. Miscellaneous: You disabled loading of bones levels. Total elapsed playing time was 10 hours, 29 minutes and 23 seconds. Major events: Turn 1: Zega the chaotic male orcish Barbarian entered the dungeon 839: attained the rank of Pillager (level 3) 1117: entered the Gnomish Mines 2571: attained the rank of Bandit (level 6) 4197: entered Sokoban 5365: completed 1st Sokoban level 5816: completed 2nd Sokoban level 6184: completed 3rd Sokoban level 6840: completed 4th Sokoban level 7773: acquired the Sokoban amulet of reflection 10941: attained the rank of Brigand (level 10) 17227: made his first wish - "the blessed greased fixed master key of thievery", got "a greased key named the Master Key of Thievery" 17231: wished for "blessed greased fixed bag of holding", got "a greased bag" 17399: was bestowed with Cleaver by Set 25045: was bestowed with Grimtooth by Set 29085: was bestowed with Werebane by Set 29638: killed Medusa 30084: performed his first genocide (class L) 31768: wished for "blessed wand of polymorph", got "a runed wand" 32179: wished for "marker", got "a magic marker" 32322: genocided class h 32997: attained the rank of Raider (level 14) 33023: wished for "blessed magic marker", got "a magic marker" 34603: found the Heart of Ahriman on the floor 34632: killed the invisible Thoth Amon 34633: acquired the Bell of Opening 43345: was bestowed with Frost Brand by Set 44258: wished for "marker", got "a magic marker" 44367: genocided class ; 44490: entered Gehennom 45340: bribed Asmodeus with 51 zorkmids for safe passage 46105: killed Baalzebub 46369: destroyed Vlad the Impaler 46370: acquired the Candelabrum of Invocation 46678: killed Orcus 48205: wished for "marker", got "a magic marker" 48776: killed the invisible Wizard of Yendor 48780: acquired the Book of the Dead 48878: performed the invocation 48982: killed the high priest of Moloch 48987: acquired The Amulet of Yendor 49148: killed the Wizard of Yendor (2nd time) 49308: killed the Wizard of Yendor (3rd time) 50620: entered the Elemental Planes 50620: entered Plane of Earth 50655: entered Plane of Air 50723: entered Plane of Fire 50751: entered Plane of Water 50813: entered the Astral Plane 50831: killed Pestilence 50853: killed Pestilence (2nd time) 50870: wished for "helm of opposite alignment", got "a visored helmet" 50873: ascended Vanquished creatures: Baalzebub Orcus the Wizard of Yendor (4 times) Pestilence (twice) Vlad the Impaler a high cleric Medusa an iron golem 2 storm giants a balrog Thoth Amon a purple worm 2 gray dragons 2 gold dragons 2 silver dragons 5 red dragons 4 white dragons 5 black dragons 6 blue dragons 18 minotaurs 2 baluchitheria 2 Angels 2 stone golems 15 Olog-hai a Nazgul 3 pit fiends a sandestin 2 hell hounds 4 displacer beasts 5 trappers 2 baby red dragons 2 guardian nagas 3 genetic engineers 3 disenchanters 27 vampire leaders 5 skeletons 7 aligned clerics 5 captains 6 shades 3 liches 2 clay golems 4 nurses 4 ice devils a nalfeshnee 2 lurkers above an Aleax a frost giant 4 ettins 9 black puddings 20 vampires 5 lieutenants a watch captain 40 ghosts 3 queen bees a winged gargoyle 3 mind flayers 10 giant mimics 3 long worms 5 zruties 3 fire giants 8 ogre tyrants 5 ice trolls 45 rock trolls 4 umber hulks 3 flesh golems 3 elven monarchs 4 doppelgangers 6 hezrous 3 bone devils 9 large mimics a wumpus 8 couatls 12 stalkers 4 air elementals 2 fire elementals 4 earth elementals 3 water elementals 3 hill giants 3 giant mummies 3 xorns 12 giant zombies 2 elf-nobles 17 sergeants 2 barbed devils 4 vrocks 14 wargs 2 winter wolves 2 hell hound pups 15 small mimics 4 glass piercers a warhorse 4 steam vortices 3 xans 2 ettin mummies 12 ogre leaders 5 quantum mechanics 46 trolls 2 sasquatches 6 wood golems 3 erinyes 5 mariliths 4 sharks 2 gelatinous cubes 2 pyrolisks 4 freezing spheres 10 flaming spheres 7 shocking spheres 2 large cats 7 tigers 7 gargoyles 3 dwarf rulers 5 tengu 9 ochre jellies 6 leocrottas 3 energy vortices a mountain centaur 5 stone giants 5 human mummies 3 red nagas 2 pythons 9 pit vipers 5 cobras 39 wraiths 3 carnivorous apes 13 ettin zombies 5 leather golems 10 Grey-elves 86 soldiers 2 watchmen 7 amorous demons 5 horned devils 6 chameleons 2 crocodiles 13 giant beetles 5 quivering blobs 11 cockatrices 8 wolves 4 winter wolf cubs 3 lynxes 4 panthers 8 gremlins a spotted jelly 8 leprechauns an orc-captain 5 iron piercers 4 mumakil 3 giant spiders 7 horses 2 ice vortices 2 black lights 7 vampire bats 5 gnome rulers 2 orc mummies 5 dwarf mummies 131 ogres 6 brown puddings 8 rust monsters 8 owlbears 5 yetis 3 gold golems a werewolf 7 Green-elves 7 giant eels 12 lizards 8 chickatrices 2 dingoes 2 dogs 2 housecats 3 jaguars 4 dwarf leaders 4 blue jellies 2 white unicorns 2 gray unicorns 3 dust vortices 30 ravens 4 plains centaurs 3 gnome mummies 4 snakes 3 apes 27 human zombies 2 rope golems a Woodland-elf 51 soldier ants 9 fire ants 12 bugbears 4 quasits 6 wood nymphs 7 water nymphs 5 mountain nymphs a Mordor orc 12 Uruk-hai 9 rock piercers 8 rock moles 4 ponies 3 fog clouds 4 yellow lights 2 shriekers 3 violet fungi 10 gnome leaders 3 gnomish wizards 2 kobold mummies a golden naga hatchling 5 gray oozes 3 barrow wights 13 elf zombies 18 ghouls 2 straw golems 2 paper golems 2 jellyfish 12 giant ants 8 floating eyes 11 dwarves 3 homunculi 2 kobold leaders 3 kobold shamans 8 hill orcs 21 rothes 4 rabid rats a centipede 5 giant bats 6 monkeys 20 orc zombies 10 dwarf zombies a wererat 5 werejackals 10 iguanas 47 killer bees 2 acid blobs a coyote 2 gas spores 2 hobbits 5 manes 10 hobgoblins 7 cave spiders 2 brown molds 2 yellow molds a green mold 2 red molds 28 gnomes a garter snake 9 gnome zombies 12 geckos 12 jackals 8 kobolds 10 goblins 7 sewer rats 6 grid bugs 7 lichens 13 kobold zombies 16 newts 1803 creatures vanquished. Genocided or extinct species: hobbits dwarves bugbears dwarf leaders dwarf rulers mind flayers master mind flayers liches demiliches master liches arch-liches ogres (extinct) erinyes (extinct) jellyfish piranha sharks giant eels electric eels krakens 17 species genocided. 2 species extinct. Voluntary challenges: You read items or engraved 174 times. You engraved Elbereth 15 times. You genocided 17 types of monsters. You used 8 wishes (1 for an artifact). You did not violate any of the special Sokoban rules. Achievements: You attained the rank of Pillager. You entered the Gnomish Mines. You entered a shop. You attained the rank of Bandit. You entered a temple. You entered Sokoban. You completed Sokoban. You attained the rank of Brigand. You defeated Medusa. You learned the tune to open and close the Castle's drawbridge. You attained the rank of Raider. You had the Bell of Opening. You entered Gehennom. You had the Candelabrum of Invocation. You handled the Book of the Dead. You gained access to Moloch's Sanctum. You reached the Elemental Planes. You reached the Astral Plane. You delivered the Amulet of Yendor. You ascended! The Elemental Planes: Astral Plane: <- You are here. A temple to Mitra. Plane of Water: Plane of Fire: Plane of Air: Plane of Earth: The Dungeons of Doom: levels 1 to 27 Level 1: Some fountains. One way stairs up to The Elemental Planes. Level 2: Level 3: Stairs down to The Gnomish Mines. Level 4: "glass orb in shop" A general store. Level 5: "stash1" Level 6: Level 7: A scroll shop, a fountain. Stairs up to Sokoban, level 6. Level 8: Level 9: A fountain. Level 10: A fountain, a sink. Level 11: "stash2" A fountain. Level 12: Portal to The Quest. Level 13: Level 14: "beehive" A sink. Level 15: Many fountains. Level 16: A primitive area. Level 17: Many fountains. Level 18: A shop, a fountain. Level 19: "barracls" A grave. Level 20: "stash 3" Some shops, a fountain. Level 21: A fountain. Level 22: A fountain. Level 23: An altar. Level 24: A fountain, many trees. Level 25: Level 26: Level 27: A fountain. The castle. Connection to Gehennom. Gehennom: levels 28 to 51 Level 28: A temple, many graves. Valley of the Dead. Level 29: Level 30: Level 31: Some fountains. Level 32: Level 33: Level 34: Level 35: Level 36: Level 37: Level 38: Stairs up to Vlad's Tower, level 37. Level 39: Level 40: Level 41: Level 42: Some shops, an altar, many graves. Level 43: Level 44: Level 45: Level 46: Level 47: Level 48: Level 49: Level 50: Level 51: A temple, many graves. Moloch's Sanctum. The Gnomish Mines: levels 4 to 6 Level 4: Level 5: Level 6: Many shops, a temple, some fountains, a sink. The Quest: levels 1 to 6 Level 1: Many trees. Completed quest for Pelias. Level 2: Level 3: Level 4: Level 5: Level 6: An altar. Sokoban: levels 6 up to 3 Level 3: Solved. Level 4: Solved. Level 5: Solved. Level 6: Solved. Vlad's Tower: levels 37 up to 35 Level 35: Level 36: Level 37: Goodbye Zega the Demigod... You went to your reward with 1013508 points, Frost Brand (worth 3000 zorkmids and 7500 points) Cleaver (worth 1500 zorkmids and 3750 points) The Heart of Ahriman (worth 2500 zorkmids and 6250 points) The Bell of Opening (worth 5000 zorkmids and 12500 points) The Candelabrum of Invocation (worth 5000 zorkmids and 12500 points) The Master Key of Thievery (worth 3500 zorkmids and 8750 points) 2 amulets of life saving (worth 300 zorkmids), 2 amulets of reflection (worth 300 zorkmids), 2 amulets of flying (worth 300 zorkmids), and 0 pieces of gold, after 50873 moves. You were level 15 with a maximum of 311 hit points when you ascended.